 Dungeon Crawl Stone Soup version 0.19-a0-1779-g7aee5af (webtiles) character file.

178360 rageheart7 the Protected (level 17, -3/121 HPs)
             Began as a Demonspawn Wanderer on Oct 2, 2016.
             Was the Champion of Qazlal.
             Slain by a war axe of chopping (12 damage)
             ... on level 2 of the Elven Halls.
             The game lasted 01:18:12 (27868 turns).

rageheart7 the Protected (Demonspawn Wanderer)     Turns: 27868, Time: 01:18:12

Health: -3/121     AC: 36    Str: 16    XL:     17   Next: 27%
Magic:  0/25       EV: 18    Int: 19    God:    Qazlal [******]
Gold:   173        SH: 14    Dex: 12    Spells: 2 memorised, 8 levels left

rFire  + . .     SeeInvis +       - Unarmed
rCold  + + +     Gourm    .     D - +5 scale mail of the Pleiades {rF+ rC++}
rNeg   . . .     Faith    .     d - +0 buckler
rPois  .         Spirit   +     m - +0 helmet of Recklessness {Dex+2}
rElec  .         Dismiss  .     v - +2 cloak {MR+}
rCorr  +         Reflect  .     (gloves unavailable)
MR     +++++     Harm     .     N - +0 pair of boots of Goodbye, My Love {MR++}
Stlth  +.........               w - amulet of regeneration
                                S - ring "Fapipp" {rCorr MR++ Int+3 Dex-4 SInv}
                                L - +5 ring of evasion

@: exhausted, about to teleport, protected from physical damage, sanguine
armour, very slightly contaminated, hasted and slowed, repel missiles
A: claws 3, cold resistance 1, frail 1, mutation resistance 1, augmentation 3,
magic shield, freezing cloud immunity, MP-powered wands, sanguine armour 3
a: Upheaval, Elemental Force, Disaster Area, Renounce Religion
}: 1/15 runes: decaying


You were on level 2 of the Elven Halls.
You worshipped Qazlal.
Qazlal was exalted by your worship.
You were very hungry.

You visited 7 branches of the dungeon, and saw 31 of its levels.
You visited 1 bazaar.
You also visited: Labyrinth and Ice Cave.

You collected 3485 gold pieces.
You spent 3312 gold pieces at shops.

Inventory:

Hand Weapons
 e - the +10 hand crossbow of Nemelex Xobeh {elec, *Corrode rC++ rN+++ Str-3}
   (You found it on level 3 of the Lair of Beasts)

   It charges the ammunition it shoots with electricity; occasionally upon a
   hit, such missiles may discharge and cause terrible harm.
   It affects your strength (-3).
   It greatly protects you from cold.
   It renders you almost immune to negative energy.
   It may corrode you when you take damage.
 p - a +8 scimitar of flaming
Missiles
 g - 144 bolts
 G - a tomahawk (quivered)
Armour
 d - a +0 buckler (worn)
 m - the +0 helmet of Recklessness (worn) {Dex+2}
   (You bought it in a shop on level 14 of the Dungeon)

   It affects your dexterity (+2).
 s - the +1 scale mail of the Grue {Int+3 Dex+2 Slay+3}
   (You found it on level 4 of the Dungeon)

   It affects your intelligence (+3).
   It affects your dexterity (+2).
   It affects your accuracy and damage with ranged weapons and melee attacks
   (+3).
 v - a +2 cloak of magic resistance (worn)
 z - the +1 scale mail of Abstinence {rCorr Dex+7}
   (You bought it in a shop in a bazaar)

   It affects your dexterity (+7).
   It protects you from acid and corrosion.
 D - the +5 scale mail of the Pleiades (worn) {rF+ rC++}
   (You bought it in a shop in a bazaar)

   It protects you from fire.
   It greatly protects you from cold.
 N - the +0 pair of boots of Goodbye, My Love (worn) {MR++}
   (You acquired it on level 11 of the Dungeon)

   It affects your resistance to hostile enchantments.
Jewellery
 w - an amulet of regeneration (around neck)
 K - the ring "Zeujoc" {rPois rF+ MP+9 SInv}
   (You found it in an ice cave)

   [ring of see invisible]

   It protects you from fire.
   It protects you from poison.
   It affects your magic capacity (+9).
   It lets you see invisible.
 L - a +5 ring of evasion (left claw)
 S - the ring "Fapipp" (right claw) {rCorr MR++ Int+3 Dex-4 SInv}
   (You acquired it on level 11 of the Dungeon)

   [ring of resist corrosion]

   It affects your intelligence (+3).
   It affects your dexterity (-4).
   It affects your resistance to hostile enchantments.
   It lets you see invisible.
Wands
 a - a wand of teleportation (9/9)
 x - a wand of lightning (15/15)
 F - a wand of acid (9/15)
 H - a wand of lightning (14/15)
 I - a wand of digging (24/24)
Scrolls
 i - a scroll of recharging
 k - 2 scrolls of magic mapping
 r - a scroll of identify
 O - 7 scrolls of fog
 P - a scroll of fear
Potions
 l - 3 potions of curing
 t - a potion of magic
 A - a potion of berserk rage
 C - 2 potions of ambrosia
 E - a potion of agility
 J - a potion of resistance
Miscellaneous
 b - a fan of gales
Comestibles
 f - 15 meat rations
 h - 23 bread rations
 n - 5 fruits
 o - 2 slices of pizza
 q - a chunk of flesh
 u - a beef jerky
 B - 4 royal jellies


   Skills:
 * Level 12.7 Fighting
 - Level 4.2 Long Blades
 - Level 13.5 Throwing
 * Level 14.5 Armour
 - Level 7.3 Dodging
 - Level 2.6 Stealth
 - Level 9.2 Shields
 - Level 13.9 Unarmed Combat
 - Level 11.6 Invocations
 - Level 0.6 Evocations


You had 8 spell levels left.
You knew the following spells:

 Your Spells              Type           Power        Failure   Level  Hunger
a - Vampiric Draining     Necr           #.........   97%         3    ####...
b - Dispel Undead         Necr           #.......     100%        5    ######.


Dungeon Overview and Level Annotations

Branches:
Dungeon (15/15)            Temple (0/1) D:5            Lair (6/6) D:10
  Swamp (4/4) Lair:4       Spider (0/4) Lair:2        Slime (0/5) Lair:5
    Orc (2/2) D:10            Elf (2/3) Orc:2        Vaults (0/5) D:14
 Depths (1/5) D:15           Hell (1/1)
    Dis: Hell:1         Geh: Hell:1         Coc: Hell:1         Tar: Hell:1

Altars:
Ashenzari
Cheibriados
Dithmenos
Hepliaklqana
Kikubaaqudgha
Makhleb
Okawaru
Qazlal
Ru
Sif Muna
Uskayaw
Vehumet
Zin
Beogh

Shops:
D:12 !   D:14 %[[   D:15 [   Orc:2 (}??%   Elf:1 [:?*

Portals:
Hell: Lair:6

Annotations:
D:7 MolotovDodgeball's ghost, novice TrBe
Hell Geryon


Innate Abilities, Weirdness & Mutations

You have claws for hands.
Your flesh is cold resistant. (rC+)
Your magical and physical power is greatly enhanced at high health.
When hurt, damage is shared between your health and your magic reserves.
You are immune to freezing clouds.
When seriously injured, your bleeding wounds create very thick armour. (AC +12)
You are frail. (-10% HP)
You are somewhat resistant to further mutation.
You expend magic power (3 MP) to strengthen your wands.


Message History

The deep elf mage mumbles some strange words.
The deep elf archer blinks!
The water elemental is engulfed in roaring flames.
You block the fire elemental's attack.
A battlesphere comes into view.
Your surroundings suddenly seem different.
You hear a shout! x5 3 dancing weapons, a deep elf knight and a deep elf mage come into view.
There is a short sword of protection.
There is a scimitar of distortion.
There is a war axe of chopping.
As you read the scroll of teleportation, it crumbles to dust.
You feel strangely unstable.
You hear a shout!
The short sword of protection hits you but does no damage. x2
A deep elf mage comes into view. It is wielding a long sword.
The deep elf mage shouts!
The short sword of protection hits you but does no damage.
A deep elf knight comes into view. It is wielding a long sword.
You hear a shout! x2
The war axe of chopping hits you!
You die...

................
.................
...e.............
.................
..e....e§........
.e....§..§§......
......§..§§......
.......(.§(......
..#...@.§§......
##..§(.......#
##..........#
............
.............
..............
...##...##...#
##.# ##.## #.#


You could see 2 deep elf knights, 2 deep elf magi and 3 dancing weapons.

Vanquished Creatures
  A bone dragon (Swamp:4)
  Gastronok (Orc:1)
  3 thorn hunters
  The ghost of dogface the Eclecticist, an adept DEFE of Ashenzari (Swamp:4)
  An orc warlord (Orc:1)
  Aizul (Swamp:1)
  A deep elf elementalist (Elf:1)
  Nessos (D:13)
  Azrael (D:12)
  2 dire elephants (Lair:6)
  A deep elf death mage (Elf:2)
  A minotaur (Lab)
  Erolcha (Orc:1)
  2 ice dragons (IceCv)
  4 ghost crabs (Swamp:4)
  14 hydras
  4 centaur warriors
  Erica (D:8)
  6 dancing weapons
  An ogre mage (Orc:2)
  3 tengu warriors
  7 alligators
  Urug (Lair:5)
  A sun demon (Lair:6)
  A fire crab (Lair:6)
  An orc high priest (Elf:1)
  10 deep elf knights
  A sixfirhy (Lair:6)
  3 skeletal warriors (D:13)
  Nergalle (Orc:1)
  A deep troll (D:15)
  2 unseen horrors (D:15)
  3 spriggan druids (Swamp:4)
  A wizard (Lair:6)
  4 shambling mangroves
  A lindwurm (Lair:6)
  5 deep elf archers
  Pikel (D:5)
  The ghost of zxkuqyb the Cleaver, a novice MiCK of Xom (D:6)
  2 spectral hydras (Swamp:4)
  6 hill giants
  2 necromancers (D:14)
  A phantasmal warrior (Swamp:4)
  28 deep elf magi
  5 ugly things
  9 orc sorcerers (Orc:2)
  A salamander (D:15)
  2 shining eyes (shapeshifter)
  3 cyclopes
  2 manticores
  Psyche (D:8)
  An elephant (Lair:6)
  6 orange demons (Lair:6)
  A black mamba (Lair:3)
  4 centaur skeletons
  A smoke demon (Lair:6)
  6 centaur zombies
  2 ice statues (IceCv)
  25 spiny frogs
  A gargoyle (D:12)
  4 rime drakes
  4 swamp worm zombies (Swamp:4)
  5 komodo dragons
  A queen bee (Lair:5)
  4 hydra zombies (Swamp:4)
  2 tengu conjurers (D:15)
  3 ice devils (Lair:6)
  2 trolls
  3 meliai (Lair:5)
  A tyrant leech (shapeshifter) (Elf:2)
  12 hornets
  A polar bear (Lair:1)
  12 hippogriffs
  4 two-headed ogres
  Prince Ribbit (D:5)
  10 bog bodies
  5 tyrant leeches
  34 slime creatures
  Grinder (D:5)
  9 blink frogs
  A spectral swamp dragon (Swamp:4)
  6 dream sheep (Lair:6)
  2 alligator zombies (Swamp:4)
  5 spriggans
  2 air elementals
  4 shadows
  Eustachio (D:5)
  2 water elementals (Elf:1)
  A wraith (D:13)
  3 wyverns
  43 yaks
  3 basilisks
  4 fire elementals
  A hog (shapeshifter) (Elf:1)
  18 vampire mosquitoes
  16 insubstantial wisps
  A redback simulacrum (D:14)
  Edmund (D:5)
  5 hell hounds
  A soldier ant (D:14)
  8 water moccasins
  22 swamp worms
  6 porcupines
  19 orc warriors
  5 swamp drakes
  2 slaves (D:5)
  13 ogres
  19 ice beasts
  2 black bears
  An eye of draining (D:11)
  5 sky beasts
  10 phantoms
  3 swamp dragon zombies (Swamp:4)
  3 wolves (Lair:1)
  4 boggarts (D:15)
  2 necrophages
  6 centaurs
  13 crocodiles
  3 big kobolds
  9 bullfrogs
  5 scorpions
  29 killer bees
  4 wights (D:10)
  A howler monkey (D:6)
  6 crimson imps
  6 bullfrog zombies
  20 jellies
  7 orc priests
  Crazy Yiuf (D:6)
  A bullfrog skeleton (D:13)
  A gnoll shaman (D:8)
  42 orc wizards
  9 iguanas
  Natasha (twice) (D:4)
  4 spectral swamp drakes (Swamp:4)
  7 worker ants
  2 hound zombies
  A hound skeleton (D:4)
  A howler monkey zombie (D:10)
  Robin (D:4)
  8 gnolls (D:8)
  46 river rats
  A swamp drake zombie (Swamp:4)
  11 adders
  A howler monkey skeleton (D:4)
  3 shadow imps
  An adder skeleton (D:7)
  6 worms
  A worm (shapeshifter) (D:15)
  A dart slug (D:1)
  5 leopard geckos
  69 orcs
  A bat zombie (D:3)
  6 giant cockroaches
  13 goblins
  9 hobgoblins
  7 jackals
  5 quokkas
  A ball python (D:1)
  8 bats
  5 frilled lizards
  23 kobolds
  4 rats
  2 rat zombies (D:3)
  A bush (Lair:4)
  13 fungi
  11 plants
1010 creatures vanquished.

Vanquished Creatures (collateral kills)
  2 orc warriors (Orc:1)
  An orc wizard (Orc:1)
  An orc (Orc:1)
4 creatures vanquished.

Vanquished Creatures (others)
  An alligator (Swamp:4)
  A dancing weapon (Elf:2)
  A deep elf archer (Elf:2)
  2 tyrant leeches (Swamp:4)
  A hound (D:5)
  A jelly (D:5)
  An orc wizard (D:4)
  An orc (D:5)
  8 bushes
  9 fungi
  2 plants (Lair:6)
28 creatures vanquished.

Grand Total: 1042 creatures vanquished

Notes
Turn   | Place    | Note
-------+----------+-------------------------------------------
     0 | D:1      | rageheart7 the Demonspawn Wanderer began the quest for the Orb.
     0 | D:1      | rageheart7 set off with: a potion of heal wounds, a potion of berserk rage, a scroll of teleportation, a +0 buckler, a +0 robe, a +0 club, a +0 dagger, a bread ration
     0 | D:1      | Reached XP level 1. HP: 16/16 MP: 1/1
   367 | D:1      | Gained mutation: When seriously injured, your bleeding wounds create armour. (AC +12) [demonic ancestry]
   367 | D:1      | Reached XP level 2. HP: 8/22 MP: 2/2
  1028 | D:1      | Gained mutation: You have sharp fingernails. [demonic ancestry]
  1028 | D:1      | Reached XP level 3. HP: 27/27 MP: 3/3
  1386 | D:2      | Found a stormy altar of Qazlal.
  1543 | D:2      | Became a worshipper of Qazlal Stormbringer
  2093 | D:2      | Gained mutation: You have very sharp fingernails. [demonic ancestry]
  2093 | D:2      | Reached XP level 4. HP: 33/33 MP: 4/4
  2152 | D:3      | Found a hazy altar of Hepliaklqana.
  2371 | D:3      | Reached * piety under Qazlal
  2545 | D:3      | Found an ancient bone altar of Kikubaaqudgha.
  3082 | D:4      | Got a smoking scale mail
  3093 | D:4      | Identified the cursed +1 scale mail of the Grue {Int+3 Dex+2 Slay+3} (You found it on level 4 of the Dungeon)
  3181 | D:4      | Noticed Natasha
  3187 | D:4      | Killed Natasha
  3187 | D:4      | Gained mutation: When hurt, damage is shared between your health and your magic reserves. [demonic ancestry]
  3187 | D:4      | Reached XP level 5. HP: 38/38 MP: 5/5
  3198 | D:4      | Noticed Robin
  3224 | D:4      | Killed Robin
  3224 | D:4      | Reached skill level 5 in Unarmed Combat
  3290 | D:4      | Found a snail-covered altar of Cheibriados.
  3317 | D:4      | Noticed Natasha
  3323 | D:4      | Killed Natasha
  3538 | D:4      | Found a deep blue altar of Sif Muna.
  3681 | D:5      | Entered Level 5 of the Dungeon
  3706 | D:5      | Noticed Edmund
  3723 | D:5      | Killed Edmund
  3723 | D:5      | Reached XP level 6. HP: 24/44 MP: 3/6
  3859 | D:5      | Noticed Prince Ribbit
  3884 | D:5      | Killed Prince Ribbit
  3884 | D:5      | Gained mutation: Your flesh is cold resistant. (rC+) [demonic ancestry]
  3884 | D:5      | Reached XP level 7. HP: 29/50 MP: 4/7
  3922 | D:5      | Got a jewelled flail
  4055 | D:5      | Noticed Grinder
  4055 | D:5      | Noticed Pikel
  4091 | D:5      | Killed Pikel
  4091 | D:5      | Gained mutation: You are immune to freezing clouds. [demonic ancestry]
  4091 | D:5      | Reached XP level 8. HP: 24/56 MP: 3/8
  4099 | D:5      | Killed Grinder
  4270 | D:5      | Identified the +1 flail of Optimality {drain, Fragile +Inv rC+++ Int-3} (You found it on level 5 of the Dungeon)
  4388 | D:5      | Found a staircase to the Ecumenical Temple.
  4389 | D:5      | Noticed Eustachio
  4402 | D:5      | Killed Eustachio
  4402 | D:5      | Reached ** piety under Qazlal
  4402 | D:5      | Reached skill level 10 in Unarmed Combat
  4550 | D:6      | Noticed zxkuqyb's ghost (novice MiCK)
  4555 | D:6      | Reached skill level 1 in Armour
  4614 | D:7      | Noticed MolotovDodgeball's ghost (novice TrBe)
  4785 | D:6      | Reached skill level 2 in Armour
  4834 | D:6      | Killed zxkuqyb's ghost
  4834 | D:6      | Reached skill level 3 in Armour
  4834 | D:6      | Reached XP level 9. HP: 26/65 MP: 2/9
  4990 | D:6      | Found a runed door.
  5120 | D:6      | Found a burning altar of Makhleb.
  5120 | D:6      | Noticed a blizzard demon
  5340 | D:6      | Noticed Crazy Yiuf
  5345 | D:6      | Killed Crazy Yiuf
  5660 | D:7      | Reached skill level 4 in Armour
  5840 | D:8      | Reached skill level 5 in Fighting
  6026 | D:8      | Found a shadowy altar of Dithmenos.
  6029 | D:8      | Found a shattered altar of Ashenzari.
  6031 | D:8      | Noticed Psyche
  6037 | D:8      | Found a hide-covered altar of Uskayaw.
  6065 | D:8      | Reached *** piety under Qazlal
  6143 | D:8      | Noticed Erica
  6166 | D:8      | Reached skill level 5 in Armour
  6222 | D:8      | Killed Erica
  6222 | D:8      | Reached XP level 10. HP: 51/76 MP: 5/10
  6225 | D:8      | Noticed a hill giant
  6237 | D:7      | Killed a hill giant
  6237 | D:7      | Reached skill level 6 in Armour
  6237 | D:7      | Reached skill level 5 in Dodging
  6376 | D:8      | Killed Psyche
  6469 | D:8      | Reached skill level 7 in Armour
  6598 | D:8      | Found a sacrificial altar of Ru.
  6598 | D:8      | Found an iron altar of Okawaru.
  6775 | D:8      | Found a glowing silver altar of Zin.
  7016 | D:9      | Identified the Incunabulum of Blows and Bruises and Unholy Rituals
  7036 | D:9      | Reached **** piety under Qazlal
  7076 | D:9      | Noticed a tengu warrior
  7098 | D:9      | Killed a tengu warrior
  7098 | D:9      | Reached skill level 8 in Armour
  7669 | D:10     | Entered Level 10 of the Dungeon
  7674 | D:10     | Noticed a hill giant
  7687 | D:10     | Killed a hill giant
  7687 | D:10     | Gained mutation: You have claws for hands. [demonic ancestry]
  7687 | D:10     | Reached XP level 11. HP: 55/83 MP: 7/11
  7769 | D:10     | Found a staircase to the Orcish Mines.
  7835 | D:10     | Reached skill level 9 in Armour
  7906 | D:10     | Found a staircase to the Lair.
  8735 | D:11     | Reached ***** piety under Qazlal
  8966 | D:11     | Learned a level 3 spell: Vampiric Draining
  9029 | D:12     | Reached skill level 10 in Armour
  9126 | D:12     | Noticed a hill giant
  9133 | D:12     | Killed a hill giant
  9392 | D:12     | Noticed a purple ugly thing
  9413 | D:12     | Killed a purple ugly thing
  9479 | D:12     | Gained mutation: You are somewhat resistant to further mutation. [mutagenic meat]
  9482 | D:12     | Gained mutation: You expend magic power (3 MP) to strengthen your wands. [mutagenic meat]
  9717 | D:12     | Found Vinutu's Distillery.
  9725 | D:12     | Bought a potion of heal wounds for 70 gold pieces
  9725 | D:12     | Bought 3 potions of berserk rage for 210 gold pieces
  9725 | D:12     | Bought 2 potions of haste for 280 gold pieces
  9725 | D:12     | Bought a potion of heal wounds for 70 gold pieces
  9824 | D:11     | Identified 3 scrolls of acquirement
  9825 | D:11     | Got a shimmering crystal plate armour
  9827 | D:11     | Got a vibrating platinum ring
  9829 | D:11     | Got a pair of heavily runed boots
  9840 | D:11     | Identified the +0 pair of boots of Goodbye, My Love {MR++} (You acquired it on level 11 of the Dungeon)
  9850 | D:11     | Identified the +10 crystal plate armour of the Loofah {rPois rN+ MR+} (You acquired it on level 11 of the Dungeon)
  9863 | D:11     | Identified the ring "Fapipp" {rCorr MR++ Int+3 Dex-4 SInv} (You acquired it on level 11 of the Dungeon)
  9952 | Lair:1   | Entered Level 1 of the Lair of Beasts
 10113 | Lair:1   | Gained mutation: When seriously injured, your bleeding wounds create thick armour. (AC +12) [demonic ancestry]
 10113 | Lair:1   | Reached XP level 12. HP: 92/92 MP: 12/12
 10944 | Lair:2   | Reached skill level 5 in Shields
 11417 | Lair:2   | Found a hole to the Spider Nest.
 11746 | Lair:3   | Noticed an eight-headed hydra
 11757 | Lair:3   | Killed a four-headed hydra
 11767 | Lair:3   | Got a bloodstained trident
 11785 | Lair:3   | Found a frozen archway.
 11788 | Lair:3   | Reached ****** piety under Qazlal
 11800 | IceCv    | Entered an ice cave
 11828 | IceCv    | Reached skill level 1 in Long Blades
 12029 | IceCv    | Noticed an ice dragon
 12031 | IceCv    | Noticed an ice dragon
 12067 | IceCv    | Killed an ice dragon
 12103 | IceCv    | Killed an ice dragon
 12126 | IceCv    | Got a coiled steel ring
 12242 | IceCv    | Identified the ring "Zeujoc" {rPois rF+ MP+9 SInv} (You found it in an ice cave)
 12701 | Lair:3   | Got a faintly glowing hand crossbow
 12749 | Lair:3   | Reached XP level 13. HP: 78/101 MP: 13/13
 12987 | Lair:4   | Got a slimy leather armour
 13375 | Lair:4   | Found a staircase to the Swamp.
 13554 | Lair:4   | Identified the +10 hand crossbow of Nemelex Xobeh {elec, *Corrode rC++ rN+++ Str-3} (You found it on level 3 of the Lair of Beasts)
 13574 | Lair:4   | Identified the +2 leather armour "Cearua" {+Inv Int-5 Dex+4 Stlth+} (You found it on level 4 of the Lair of Beasts)
 13644 | Lair:5   | Reached skill level 1 in Invocations
 13657 | Lair:5   | Noticed Urug
 13687 | Lair:5   | Killed Urug
 13796 | Lair:5   | Found a staircase to the Slime Pits.
 13812 | Lair:5   | Reached skill level 10 in Fighting
 13849 | Lair:5   | Found a labyrinth entrance.
 13854 | Lab      | Entered a labyrinth
 14025 | Lab      | Noticed a minotaur
 14031 | Lab      | Killed a minotaur
 14058 | Lab      | Identified the +5 trident "Nesunnae" {pierce, +Fly rC+} (You found it on level 3 of the Lair of Beasts)
 14378 | Lair:5   | Reached skill level 5 in Invocations
 14706 | Lair:6   | Entered Level 6 of the Lair of Beasts
 15112 | D:12     | Noticed Azrael
 15131 | D:12     | Killed Azrael
 15590 | D:13     | Noticed Nessos
 15618 | D:13     | Killed Nessos
 15655 | D:13     | Reached skill level 10 in Invocations
 16098 | D:13     | Found a hazy altar of Hepliaklqana.
 16785 | D:14     | Found Busair's Armour Boutique.
 16819 | D:14     | Found Kipife's Food Shop.
 16859 | D:14     | Found Dupoany's Antique Armour Boutique.
 16864 | D:14     | Bought a heavily runed helmet for 247 gold pieces
 16874 | D:14     | Identified the cursed +0 helmet of Recklessness {Dex+2} (You bought it in a shop on level 14 of the Dungeon)
 17040 | D:13     | Gained mutation: Your magical and physical power is slightly enhanced at high health. [demonic ancestry]
 17040 | D:13     | Reached XP level 14. HP: 110/110 MP: 22/22
 17190 | D:14     | Found a gate to the Vaults.
 17716 | D:15     | Entered Level 15 of the Dungeon
 18746 | Lair:6   | Found a burning altar of Makhleb.
 18797 | Lair:6   | Found a gateway to Hell.
 19323 | Lair:6   | Gained mutation: When seriously injured, your bleeding wounds create very thick armour. (AC +12) [demonic ancestry]
 19323 | Lair:6   | Reached XP level 15. HP: 94/115 MP: 18/23
 19521 | Hell     | Entered the Vestibule of Hell
 19521 | Hell     | Noticed Geryon
 19836 | Orc:1    | Entered Level 1 of the Orcish Mines
 19836 | Orc:1    | Noticed Erolcha
 19843 | Orc:1    | Killed Erolcha
 19875 | Orc:1    | Reached skill level 5 in Throwing
 19907 | Orc:1    | Noticed Gastronok
 19925 | Orc:1    | Killed Gastronok
 20082 | Orc:1    | Noticed an orc warlord
 20096 | Orc:1    | HP: 2/115 [orc warlord/long sword of holy wrath (28)]
 20132 | Orc:1    | Killed an orc warlord
 20382 | Orc:2    | Entered Level 2 of the Orcish Mines
 20488 | Orc:2    | Found a staircase to the Elven Halls.
 20699 | Orc:2    | Found Qiurch's Magic Scroll Shop.
 20724 | Orc:2    | Found an ancient bone altar of Kikubaaqudgha.
 20793 | Orc:2    | Found a radiant altar of Vehumet.
 20800 | Orc:2    | Found a roughly hewn altar of Beogh.
 20800 | Orc:2    | Found Radacs's Gadget Shop.
 20852 | Orc:2    | Found Iggoif's Antique Weapon Shop.
 20910 | Orc:2    | Found Raurhac's Magic Scroll Boutique.
 20996 | Orc:2    | Found Pupaeteu's Food Boutique.
 21283 | Orc:2    | Bought a scroll of blinking for 105 gold pieces
 21283 | Orc:2    | Bought a scroll of blinking for 105 gold pieces
 21283 | Orc:2    | Bought a scroll of teleportation for 42 gold pieces
 21301 | Orc:2    | Bought a scroll of teleportation for 42 gold pieces
 21301 | Orc:2    | Bought a scroll of blinking for 105 gold pieces
 21301 | Orc:2    | Bought a scroll of fear for 49 gold pieces
 21387 | Orc:1    | Noticed Nergalle
 21399 | Orc:1    | Killed Nergalle
 21468 | Orc:1    | Found a roughly hewn altar of Beogh.
 21720 | D:15     | Reached skill level 10 in Throwing
 21865 | D:15     | Found a staircase to the Depths.
 22132 | D:15     | Found Foparrug's Antique Armour Shoppe.
 22140 | D:15     | Bought a twisted plate armour for 868 gold pieces
 22140 | D:15     | Bought a polished large shield for 294 gold pieces
 22150 | D:15     | Identified the cursed +1 plate armour of Dramatic Exits {Int+7} (You bought it in a shop on level 15 of the Dungeon)
 22160 | D:15     | Identified the +0 large shield "Legomag" {rPois rF+ Regen+ Stlth+} (You bought it in a shop on level 15 of the Dungeon)
 22244 | Depths:1 | Entered Level 1 of the Depths
 22622 | Swamp:1  | Entered Level 1 of the Swamp
 22643 | Swamp:1  | Noticed Aizul
 22656 | Swamp:1  | Killed Aizul
 22745 | Swamp:1  | Learned a level 5 spell: Dispel Undead
 22968 | Swamp:1  | Noticed a thorn hunter
 22973 | Swamp:1  | Killed a thorn hunter
 23506 | Swamp:2  | Noticed a thorn hunter
 23618 | Swamp:1  | Killed a thorn hunter
 23925 | Swamp:2  | Gained mutation: Your magical and physical power is enhanced at high health. [demonic ancestry]
 23925 | Swamp:2  | Reached XP level 16. HP: 82/124 MP: 21/24
 24044 | Swamp:2  | Reached skill level 11 in Armour
 24492 | Swamp:3  | Noticed a thorn hunter
 24512 | Swamp:3  | Killed a thorn hunter
 24633 | Swamp:3  | Got a spiked scale mail
 24644 | Swamp:3  | Identified the +4 scale mail "Ogusavut" {rF+} (You found it on level 3 of the Swamp)
 25226 | Swamp:4  | Entered Level 4 of the Swamp
 25462 | Swamp:4  | Reached skill level 12 in Armour
 25916 | Swamp:4  | Noticed a bone dragon
 25935 | Swamp:4  | Killed a bone dragon
 26012 | Swamp:4  | Got a decaying rune of Zot
 26046 | Swamp:4  | Noticed dogface's ghost (adept DEFE)
 26069 | Swamp:4  | Killed dogface's ghost
 26099 | Swamp:4  | Reached skill level 13 in Armour
 26756 | Elf:1    | Entered Level 1 of the Elven Halls
 26844 | Elf:1    | Gained mutation: You are frail. (-10% HP) [a shining eye]
 27000 | Elf:1    | Found a flickering gateway to a bazaar.
 27073 | Bazaar   | Entered a bazaar
 27073 | Bazaar   | Found Gavuk's Distillery.
 27073 | Bazaar   | Found Zomeept's Book Boutique.
 27073 | Bazaar   | Found Jet Bapn's Antique Armour Shoppe.
 27073 | Bazaar   | Found Wubromyi's Antique Armour Shop.
 27075 | Bazaar   | Found Lienn's General Store.
 27126 | Bazaar   | Bought a scorched chain mail for 285 gold pieces
 27126 | Bazaar   | Bought a scorched scale mail for 270 gold pieces
 27126 | Bazaar   | Bought a spiked scale mail for 270 gold pieces
 27136 | Bazaar   | Identified the +4 chain mail of the Gate {+Fly Str-2 Int-5 Dex+5} (You bought it in a shop in a bazaar)
 27146 | Bazaar   | Identified the cursed +1 scale mail of Abstinence {rCorr Dex+7} (You bought it in a shop in a bazaar)
 27157 | Bazaar   | Identified the +5 scale mail of the Pleiades {rF+ rC++} (You bought it in a shop in a bazaar)
 27321 | Elf:1    | Found Itoxax's General Store.
 27322 | Elf:1    | Found Meewn's Magic Scroll Shoppe.
 27322 | Elf:1    | Found Nufusch's Book Emporium.
 27338 | Elf:1    | Found Pocy's Antique Armour Emporium.
 27358 | Elf:1    | Gained mutation: Your magical and physical power is greatly enhanced at high health. [demonic ancestry]
 27358 | Elf:1    | Reached XP level 17. HP: 117/119 MP: 23/25
 27642 | Elf:1    | Reached skill level 14 in Armour
 27858 | Elf:2    | HP: 2/121 [deep elf knight/scimitar (13)]
 27868 | Elf:2    | Slain by a war axe of chopping

Vault maps used:
D:1:      onia_arrival_mini_spirals, grunt_decor_one_mirror
D:2:      overflow_temple_1_default
D:3:      lemuel_crystal_altar, lemuel_zombie_altar_kikubaaqudgha,
          gup_sewer_entry_bowl, serial_co_window_serial, co_window_corner_a,
          co_window_corner_a, co_window_of_opportunity_a,
          co_window_of_opportunity_a, co_window_paths_a, co_window_paths_b,
          co_window_corner_a, co_window_2corner, co_window_2corner,
          co_window_unsneaky_path_b, co_window_broadway_b, glass_columns_a,
          glass_columns_b, glass_columns_b
D:4:      cheibriados_altar_1, first_bread, minmay_misc_feat_rows,
          hangedman_decor_lopped, tgw_sif, uniq_robin, uniq_natasha
D:5:      uniq_grinder, uniq_eustachio, uniq_prince_ribbit1, uniq_edmund,
          uniq_pikel
D:6:      makhleb_altar_promises_db, hangedman_decor_growths,
          uniq_crazy_yiuf_cottage
D:7:      the_bakery, minmay_curled_crystal
D:8:      hangedman_cross_stitches, nicolae_ashenzari_panopticon,
          kennysheep_mini_moat, gammafunk_temple_overflow_elements,
          nicolae_overflow_hidden_temple, uniq_erica, uniq_psyche
D:10:     minmay_lair_entry_lava, orc_0_dummy
D:12:     serial_shops, shop, uniq_azrael
D:13:     basic_altar, spider_trap, uniq_nessos
D:14:     david_vaults_1, minmay_misc_feat_cross, serial_shops,
          kennysheep_little_box, shop, nicolae_shop_crystal, fountainhead,
          hangedman_abyss_or_decor_stabs, roderic_cross_of_infinity
D:15:     hangedman_depths_entry_try_elsewhere_first, serial_park_square1,
          serial_shops, nicolae_shop_crystal
Lair:1:   infiniplex_staircase_pool_2
Lair:2:   nicolae_spider_entry_non_spiders, grunt_forest_stairs_clearing
Lair:3:   portal_ice_cave_rime, serial_bayou_shore_b
Lair:4:   swamp_mist
Lair:5:   minmay_slime_entry_jelly_boxes, special_room, lab_entry_generic,
          uniq_urug
Lair:6:   evil_forest, grunt_megastairs_3
Swamp:1:  hangedman_swamp_cone, infiniplex_staircase_pool, uniq_aizul
Swamp:2:  nicolae_swamp_stair_fork
Swamp:3:  hangedman_swamp_ruin_hall
Swamp:4:  swamp_pestilence
Orc:1:    basic_altar, uniq_erolcha, uniq_gastronok, uniq_nergalle
Orc:2:    kennysheep_orc_mage_school, serial_shops, nicolae_shop_behind_doors
Elf:1:    minmay_elf_arrival_circle, serial_shops, bzr_entry_dummy,
          evilmike_minifort, minmay_misc_feat_pillars, minmay_shoptagon
Elf:2:    nicolae_trove_entry_free_sample, serial_shops, shop
Depths:1: enter_ziggurat_f, hell_entry, serial_bayou_pond_c,
          minmay_checkered_concentric_circles, minmay_shop_star
Lab:      labyrinth_watery, labyrinth_fake_exit, nicolae_lab_dead_end,
          nicolae_lab_swirl, nicolae_lab_checkerboard, nicolae_lab_garden
Bazaar:   bazaar_minmay_generic_island
IceCv:    ice_cave_small_dragons

Skill      XL: |  1  2  3  4  5  6  7  8  9 10 11 12 13 14 15 16 17 |
---------------+----------------------------------------------------+-----
Unarmed Combat | 2 3 4 6 7 9 10 13 | 13.9
Armour         | 3 5 8 10 13 14 | 14.5
Dodging        | 3 4 6 7 |  7.3
Fighting       | 3 5 6 7 9 10 12 | 12.7
Shields        | 4 8 9 |  9.2
Long Blades    | 4 |  4.2
Invocations    | 11 | 11.6
Throwing       | 4 13 | 13.5
Stealth        | |  2.6
Evocations     | |  0.6

Action                   |  1- 3 |  4- 6 |  7- 9 | 10-12 | 13-15 | 16-18 || total
-------------------------+-------+-------+-------+-------+-------+-------++-------
Melee: Unarmed           |   179 |   136 |   237 |   818 |  1372 |   710 ||  3452
       Scimitar          |       |       |       |   124 |    65 |    30 ||   219
Throw: Tomahawk          |       |       |       |       |     3 |    21 ||    24
Invok: Upheaval          |       |       |       |       |     8 |     9 ||    17
       Elemental Force   |       |       |       |       |     1 |       ||     1
       Disaster Area     |       |       |       |       |       |     1 ||     1
Evoke: Wand              |       |       |     5 |       |       |       ||     5
  Use: Scroll            |     8 |     3 |     5 |    18 |    31 |    10 ||    75
       Potion            |       |     1 |    11 |     6 |    15 |     6 ||    39
 Stab: Sleeping          |     5 |     1 |       |       |       |       ||     6
  Eat: Chunk             |     4 |     6 |     7 |    30 |    30 |     2 ||    79
       Pizza             |       |       |     1 |       |     1 |     2 ||     4
       Bread ration      |       |       |       |       |     1 |       ||     1
       Fruit             |       |       |       |       |     2 |       ||     2
       Beef jerky        |       |       |       |       |     1 |     2 ||     3
       Royal jelly       |       |       |       |       |       |     3 ||     3
Armor: Robe              |    46 |    14 |       |       |       |       ||    60
       Scale mail        |       |    34 |   112 |   359 |   335 |   220 ||  1060
       Plate armour      |       |       |       |       |    16 |       ||    16
Dodge: Dodged            |    73 |    53 |    74 |   383 |   684 |   365 ||  1632
       Deflected         |       |       |       |    10 |    24 |    20 ||    54
Block: Buckler           |    14 |    30 |    68 |   510 |   987 |   469 ||  2078
       Rpst.: Scimitar   |       |       |       |    27 |     5 |     5 ||    37
